 Dungeon Crawl Stone Soup version 0.27-a0-1332-g84bddb5ca7 (webtiles) character file.

Game seed: 15958876877097055000

607 unlimited the Skirmisher (level 7, -2/72 (74) HPs)
             Began as an Ogre Berserker on June 25, 2021.
             Was a Priest of Trog.
             Slain by a gnoll (5 damage)
             ... on level 4 of the Dungeon.
             The game lasted 00:59:45 (4673 turns).

unlimited the Skirmisher (Ogre Berserker)           Turns: 4673, Time: 00:59:46

HP:   -2/72 (74)    AC:  5    Str: 22    XL:     7   Next: 43%
MP:   7/7           EV: 14    Int:  9    God:    Trog [***...]
Gold: 186           SH:  0    Dex:  9    Spells: 6/6 levels left

rFire    . . .     SeeInvis .   a - +1 hand axe
rCold    . . .     Faith    +   (no shield)
rNeg     . . .     Spirit   .   b - +0 animal skin
rPois    +         Reflect  .   (helmet restricted)
rElec    .         Harm     .   (no cloak)
rCorr    .         Rampage  .   (gloves unavailable)
Will     .....                  (boots unavailable)
Stlth    +.........             n - amulet of faith
HPRegen  0.22/turn              e - +4 ring of evasion
MPRegen  0.10/turn              l - ring of poison resistance

@: lightly drained
A: large, unfitting armour, tough skin 1, iridescent scales 1
a: Renounce Religion, Berserk, Trog's Hand


You were on level 4 of the Dungeon.
You worshipped Trog.
Trog was most pleased with you.
You visited 1 branch of the dungeon, and saw 4 of its levels.

You collected 186 gold pieces.

Inventory:

Hand Weapons
 a - a +1 hand axe (weapon)
 i - a +0 hand crossbow
 o - a +0 quarterstaff
 s - a +0 flail
 t - a +0 spear
 v - a +0 short sword
Missiles
 c - 48 arrows
 d - 59 stones
 r - 13 poisoned darts (quivered)
 w - 2 boomerangs
Armour
 b - a +0 animal skin (worn)
 x - a +0 pair of gloves
Magical Staves
 f - a staff of cold
Jewellery
 e - a +4 ring of evasion (left hand)
 k - a ring of willpower
 l - a ring of poison resistance (right hand)
 n - an amulet of faith (around neck)
Scrolls
 h - 2 scrolls of enchant weapon
 q - a scroll of identify
Potions
 j - a potion of attraction
 p - a potion of degeneration
 u - a potion of lignification {unknown}
Miscellaneous
 y - a piece from Xom's chessboard (15/15)


   Skills:
 + Level 5.8 Fighting
 + Level 5.2(5.4) Axes
 + Level 1.7(3.7) Polearms
 + Level 1.6 Throwing
 + Level 4.8 Dodging
 + Level 1.0 Stealth


You had 6 spell levels left.
You didn't know any spells.
Your spell library contained the following spells:

 Spells                   Type           Power      Damage    Failure   Level
 Shock                    Conj/Air       0%         1d3       38%         1
 Static Discharge         Conj/Air       0%         N/A       52%         2
 Swiftness                Air            0%         N/A       77%         3
 Airstrike                Air            0%         N/A       99%         4
 Lightning Bolt           Conj/Air       0%         1d11      100%        5


Dungeon Overview and Level Annotations

Branches:
Dungeon (4/15)
 Temple: D:4-7

Altars:
Fedhas
Xom

Shops:
D:2 (


Innate Abilities, Weirdness & Mutations

You are too large for most types of armour.
You have tough skin. (AC +1)
You are partially covered in iridescent scales. (AC +2)


Message History

You become entangled in the net!
You see here a throwing net.
You struggle against the net.
The gnoll shaman closely misses you.
You struggle against the net.
The gnoll hits you but does no damage.
You struggle against the net.
The gnoll barely misses you. The gnoll hits you with a +0 club.
The gnoll shaman hits you but does no damage.
You rip the net and break free!
The gnoll hits you from afar with a +0 spear.
The gnoll closely misses you. The gnoll shaman barely misses you.
The gnoll hits you with a +0 flail.
The gnoll shaman hits you with a +0 whip!
The gnoll hits you with a +0 flail.
* * * LOW HITPOINT WARNING * * *
The gnoll hits you with a +0 flail.
* * * LOW HITPOINT WARNING * * *
The gnoll shaman calls upon its god to heal the gnoll.
The gnoll's wounds heal themselves!
The gnoll shaman calls upon its god to speed up the gnoll.
The gnoll seems to speed up.
The gnoll hits you but does no damage. The gnoll hits you with a +0 flail.
* * * LOW HITPOINT WARNING * * *
The gnoll closely misses you.
There is an open door here.
It was a potion of brilliance.
You feel clever all of a sudden. The gnoll hits you with a +0 flail!
* * * LOW HITPOINT WARNING * * *
It was a potion of cancellation.
Your magical effects are unravelling.
You feel magically purged.
You feel a little less clever now. The gnoll hits you with a +0 flail.
* * * LOW HITPOINT WARNING * * *
The gnoll barely misses you.
The gnoll shaman invokes the aid of its god against you.
You easily resist.
The gnoll hits you with a +0 flail.
You die...

.#......####'###..##..........#..
.#......#..........#..........)..
.#......#..........'..........#..
########'..........#..........#..
.......##'###.####'#..........#..
........#...#.###......###'####..
..PPPP..#...#...#......#.........
..P_PP..#...#...#......'.........
....P...#...#...@......#.........
..#.#P..#...#####g.....###.####..
..#.#...#...........######.####..
###.#####..........ggg...........
##.##............_.#............
#...#..............#............
#..................###.##.####..
######################.##.####..
#............#....


You could see a gnoll shaman and 3 gnolls.

Vanquished Creatures
  4 necrophages
  An iguana (D:3)
  Natasha (thrice) (D:4)
  A hound zombie (D:4)
  A howler monkey zombie (D:4)
  A gnoll (D:4)
  6 adders
  2 adder zombies (D:4)
  A dart slug (D:4)
  4 orcs (D:3)
  6 ball pythons
  3 endoplasms
  2 giant cockroaches
  7 goblins
  7 hobgoblins
  7 jackals
  8 kobolds
  3 quokkas
  4 bats
  3 frilled lizards
  4 rats
78 creatures vanquished.

Vanquished Creatures (others)
  A bush (D:4)
  10 plants (D:4)
11 creatures vanquished.

Grand Total: 89 creatures vanquished

Notes
Turn   | Place    | Note
-------+----------+-------------------------------------------
     0 | D:1      | unlimited the Ogre Berserker began the quest for the Orb.
     0 | D:1      | Reached XP level 1. HP: 24/24 MP: 1/1
   100 | D:1      | Reached XP level 2. HP: 21/32 MP: 2/2
   576 | D:1      | Reached XP level 3. HP: 26/40 MP: 3/3
   577 | D:1      | Reached ** piety under Trog
  1101 | D:2      | Found Gogg's Weapon Shop.
  1205 | D:2      | Reached XP level 4. HP: 49/49 MP: 4/4
  1824 | D:2      | You fall into a shaft and drop 1 floor!
  2568 | D:4      | Noticed Natasha
  2579 | D:4      | Killed Natasha
  2580 | D:4      | Reached XP level 5. HP: 31/55 MP: 5/5
  2838 | D:4      | Gained mutation: You are partially covered in iridescent
                  | scales. (AC +2) [potion of mutation]
  2869 | D:4      | Noticed a necrophage
  3102 | D:3      | Reached skill level 5 in Fighting
  3183 | D:3      | Killed a necrophage
  3184 | D:3      | Reached XP level 6. HP: 37/66 MP: 6/6
  3693 | D:4      | Found a shimmering altar of Xom.
  3699 | D:4      | Noticed Natasha
  3710 | D:4      | Killed Natasha
  3739 | D:4      | Found a blossoming altar of Fedhas.
  3756 | D:4      | Noticed a necrophage
  3757 | D:4      | Noticed a necrophage
  3757 | D:4      | Noticed a necrophage
  3842 | D:4      | Killed a necrophage
  3853 | D:4      | Killed a necrophage
  3853 | D:4      | Reached *** piety under Trog
  3854 | D:4      | Reached skill level 5 in Axes
  3854 | D:4      | Reached skill level 1 in Throwing
  3854 | D:4      | Reached skill level 1 in Stealth
  3854 | D:4      | Reached XP level 7. HP: 60/72 MP: 7/7
  3914 | D:4      | Noticed Natasha
  4053 | D:4      | Killed Natasha
  4054 | D:4      | Reached skill level 1 in Polearms
  4671 | D:4      | HP: 3/72 [gnoll (5)]
  4673 | D:4      | Slain by a gnoll

Illustrated notes

Levels and vault maps discovered:
D:1:      dpeg_arrival_more_subterranean_lakeside_camping, layout_rooms
D:2:      layout_loops_ring, serial_shops, nicolae_shop_window_shopping,
          kennysheep_generic_room_6
D:3:      layout_rooms, small_statue_intersection, minmay_cupped
D:4:      layout_gridville, xom_butterflies, fedhas_altar_decomposition,
          uniq_pikel, uniq_blork_the_orc, uniq_natasha

Skill      XL: |  1  2  3  4  5  6  7 |
---------------+----------------------+-----
Dodging        | 3 4 |  4.8
Axes           | 4 5 |  5.2
Fighting       | 5 |  5.8
Throwing       | 1 |  1.6
Stealth        | 1 |  1.0
Polearms       | 1 |  1.7

Action                   |  1- 3 |  4- 6 |  7- 9 || total
-------------------------+-------+-------+-------++-------
Melee: Hand axe          |   125 |   141 |    88 ||   354
       Spear             |       |    89 |    28 ||   117
Throw: Dart              |       |    10 |     9 ||    19
Invok: Trog's Hand       |       |       |     1 ||     1
  Use: Potion            |       |     5 |     4 ||     9
       Scroll            |       |       |     3 ||     3
Armor: Animal skin       |    44 |    43 |    30 ||   117
Dodge: Dodged            |    98 |   149 |    85 ||   332

Table legend: (Time is in decaauts)
 A = Elapsed time spent in this place.
 B = Non-inter-level travel time spent in this place.
 C = Inter-level travel time spent in this place.
 D = Time resting spent in this place.
 E = Time spent auto-exploring this place.
 F = Levels seen in this place.
 G = Mean time per level.
                   A        B        C        D        E       F      G
               +--------+--------+--------+--------+--------+-----+--------+
         Total |   4731 |   2426 |   2305 |    850 |      0 |   4 | 1182.8 |
       Dungeon |   4731 |   2426 |   2305 |    850 |      0 |   4 | 1182.8 |
               +--------+--------+--------+--------+--------+-----+--------+

Top non-repeatable levels by time:
     D:4: 1700 daAuts
     D:3: 1188 daAuts
     D:1: 949 daAuts
     D:2: 893 daAuts
